 Dungeon Crawl Stone Soup version 0.25.0-10-g039870ee82 (webtiles) character file.

Game seed: 10774672176874887673

8226 mortelune the Summoner (level 11, -4/84 HPs)
             Began as a Barachi Summoner on June 22, 2020.
             Was a Believer of Ashenzari.
             Slain by a ghost moth (5 damage)
             ... in an ice cave.
             The game lasted 00:45:45 (16649 turns).

mortelune the Summoner (Barachi Summoner)          Turns: 16649, Time: 00:45:46

Health: -4/84      AC:  7    Str: 10    XL:     11   Next: 27%
Magic:  0/18       EV: 13    Int: 18    God:    Ashenzari [**....]
Gold:   180        SH:  0    Dex: 13    Spells: 6/20 levels left

rFire    + + .     SeeInvis .   h - +5 quarterstaff "With Two Names" {flame, rF++} (curse)
rCold    + . .     Gourm    .   (shield currently unavailable)
rNeg     . . .     Faith    .   m - +0 leather armour {rF+}
rPois    +         Spirit   .   d - +0 helmet
rElec    .         Reflect  .   (no cloak)
rCorr    .         Harm     .   k - +1 pair of gloves
MR       .....                  (no boots)
Stlth    ++........             (no amulet)
HPRegen  0.24/turn              G - ring of ice
MPRegen  0.16/turn              P - ring of poison resistance (curse)

@: lethally poisoned (-4 -> -48), about to teleport, can't hop, very slightly
contaminated, slow
A: +LOS, swims, slowness 1, strong legs 1
a: Hop, Curse Item, Scrying, Renounce Religion


You were in an ice cave.
You worshipped Ashenzari.
Ashenzari was pleased with you.
You were near starving.

You visited 2 branches of the dungeon, and saw 12 of its levels.
You also visited: Ice Cave.

You collected 636 gold pieces.
You spent 456 gold pieces at shops.

Inventory:

Hand Weapons
 h - the cursed +5 quarterstaff "With Two Names" (weapon) {flame, rF++}
   (You found it on level 6 of the Dungeon)

   It has been specially enchanted to burn those struck by it, causing extra
   injury to most foes and up to half again as much damage against particularly
   susceptible opponents.
   It greatly protects you from fire.
   It has a curse placed upon it.
 q - a +1 trident
Missiles
 C - 5 atropa-tipped darts (quivered)
Armour
 a - a +0 robe
 d - a +0 helmet (worn)
 k - a +1 pair of gloves (worn)
 m - a +0 leather armour of fire resistance (worn)
 o - a cursed +0 ring mail
 D - the cursed +0 scale mail of Youthful Indiscretion {rCorr}
   (You found it on level 5 of the Dungeon)

   It provides partial protection from all sources of acid and corrosion.
   It has a curse placed upon it.
Jewellery
 v - an uncursed ring of stealth
 G - a ring of ice (left hand)
 P - a cursed ring of poison resistance (right hand)
Wands
 p - a wand of paralysis (12)
 E - a wand of polymorph (16)
Scrolls
 g - 5 scrolls of remove curse
 j - a scroll of enchant armour
 t - 4 scrolls of teleportation
 y - a scroll of enchant weapon
 z - 2 scrolls of amnesia
 I - 2 scrolls of immolation
Potions
 b - 3 potions of degeneration
 e - 2 potions of ambrosia
 f - a potion of might
 l - 4 potions of brilliance
 n - 2 potions of curing
 r - 2 potions of invisibility
 s - a potion of cancellation {unknown}
 w - a potion of haste
 x - 3 potions of lignification
 B - a potion of flight
 H - a potion of berserk rage
Comestibles
 c - 14 rations


   Skills:
 + Level 7.1 Fighting
 + Level 4.8(7.8) Staves
 + Level 7.0 Armour
 + Level 4.6 Dodging
 - Level 1.7 Stealth
 - Level 5.0 Spellcasting
 + Level 11.2 Summonings
 - Level 7.4 Ice Magic
 * Level 7.9 Air Magic


You had 6 spell levels left.
You knew the following spells:

 Your Spells              Type           Power        Failure   Level  Hunger
a - Summon Small Mammal   Summ           ####         1%          1    None
b - Call Imp              Summ           #####...     1%          2    #......
c - Call Canine Familiar  Summ           #####...     1%          3    ##.....
d - Summon Ice Beast      Ice/Summ       ######..     3%          4    ####...
e - Summon Lightning Spi  Summ/Air       #####...     3%          4    ####...

Your spell library contained the following spells:

 Spells                   Type           Power        Failure   Level  Hunger
 Summon Guardian Golem    Hex/Summ       ###.....     4%          3    ##.....


Dungeon Overview and Level Annotations

Branches:
Dungeon (11/15)            Temple (1/1) D:4            Lair (0/6) D:8
  IceCv (1/1)
    Orc: D:9-12

Altars:
Ashenzari
Cheibriados
Dithmenos
Elyvilon
Fedhas
Gozag
Hepliaklqana
Kikubaaqudgha
Makhleb
Nemelex Xobeh
Okawaru
Qazlal
Ru
Sif Muna
Uskayaw
Vehumet
Wu Jian
Xom
Yredelemnul
Zin
The Shining One

Shops:
D:6 *   D:9 }

Portals:
Trove: D:11 (give 6 potions of haste)

Annotations:
D:4 Sigmund
D:6 4 runed translucent doors, Crazy Yiuf; Skimidon's ghost, novice HOMo
D:10 2 runed translucent doors, DevastatorOne's ghost, journeyman HOMo


Innate Abilities, Weirdness & Mutations

You can be seen from farther away. (+LOS)
You can swim through water.
You cover ground slowly.
You can hop short distances.


Message History

* * * LOW HITPOINT WARNING * * *
Something hits you!
* * * LOW HITPOINT WARNING * * *
Something stings you.
* * * LOW HITPOINT WARNING * * *
You feel much better. Something hits you but does no damage.
Something hits you.
* * * LOW HITPOINT WARNING * * *
Something stings you.
* * * LOW HITPOINT WARNING * * *
You are lethally poisoned!
Something poisons you!
You feel much better.
You feel very sick. Something hits you!
* * * LOW HITPOINT WARNING * * *
Something hits you!
* * * LOW HITPOINT WARNING * * *
Something stings you.
You die...

#...## #..## *
##..## ##..# * ,
####..#### ## ,
##.#....#.## #.###
#..........###
##....* ,*
.............###..#
,*
.............#.{@#**
* ...............###
..............##
.............##
...........###
#........### ,
###....### ###..## *
* * ##..### * ≈ ≈≈**


There were no monsters in sight!

Vanquished Creatures
  An ice dragon (IceCv)
  An elephant (D:8)
  A centaur zombie (D:10)
  2 ice statues (IceCv)
  2 yaks (D:10)
  A hungry ghost (D:9)
  A nameless horror (D:8)
  Duvessa (D:4)
  A water moccasin (D:7)
  An orc warrior (D:9)
  A sky beast (D:10)
  A black bear (D:9)
  2 necrophages
  15 ice beasts
  A phantom (D:9)
  A centaur (D:7)
  2 crocodiles
  A big kobold (D:9)
  4 bullfrogs
  A wyvern skeleton (D:7)
  3 wights (D:10)
  A howler monkey (D:9)
  2 crimson imps
  3 hounds
  An orc wizard (D:6)
  A jelly (D:8)
  A centaur skeleton (D:10)
  A gnoll shaman (D:6)
  An orc priest (D:10)
  An iron imp (D:7)
  An iguana (D:6)
  A worker ant (D:7)
  A hound zombie (D:7)
  4 gnolls
  8 adders
  A shadow imp (D:9)
  An adder skeleton (D:7)
  6 dart slugs
  5 leopard geckos
  13 orcs
  A giant cockroach (D:2)
  5 goblins
  3 hobgoblins
  7 jackals
  7 kobolds
  2 quokkas
  2 ball pythons
  5 bats
  4 frilled lizards
  4 rats
137 creatures vanquished.

Vanquished Creatures (collateral kills)
  A kobold demonologist (D:10)
  A rime drake (IceCv)
  Prince Ribbit (D:9)
  A hippogriff (D:8)
  A wraith (D:11)
  8 yaks (D:10)
  2 hungry ghosts
  A basilisk (D:8)
  4 sky beasts
  4 orc warriors
  4 ice beasts
  2 black bears
  A centaur (D:10)
  4 ogres
  4 bullfrogs
  Dowan (D:4)
  2 scorpions
  6 killer bees (D:10)
  3 howler monkeys
  A quasit (D:9)
  4 orc priests
  2 hounds
  2 jellies (D:9)
  2 bullfrog skeletons
  An orc wizard (D:5)
  5 iguanas
  3 worker ants
  12 gnolls
  7 adders
  2 worms (D:3)
  2 leopard geckos
  9 orcs
  3 bats (D:3)
  A giant cockroach (D:3)
  2 goblins
  A hobgoblin (D:1)
  13 jackals
  A frilled lizard (D:3)
  A giant cockroach zombie (D:5)
  9 kobolds
  A leopard gecko skeleton (D:4)
  A quokka skeleton (D:8)
  3 rats (D:3)
139 creatures vanquished.

Vanquished Creatures (others)
  A bat (D:3)
  A frilled lizard (D:1)
  A rat (D:3)
3 creatures vanquished.

Grand Total: 279 creatures vanquished

Notes
Turn   | Place    | Note
-------+----------+-------------------------------------------
     0 | D:1      | mortelune the Barachi Summoner began the quest for the Orb.
     0 | D:1      | Reached XP level 1. HP: 13/13 MP: 3/3
   382 | D:1      | Reached skill level 5 in Summonings
   625 | D:1      | Reached XP level 2. HP: 13/19 MP: 5/5
   944 | D:1      | Learned a level 2 spell: Call Imp
  1624 | D:2      | Found a shimmering altar of Xom.
  1643 | D:2      | Reached XP level 3. HP: 22/24 MP: 7/7
  1707 | D:2      | Learned a level 3 spell: Call Canine Familiar
  1983 | D:2      | Reached skill level 6 in Summonings
  2181 | D:2      | Reached XP level 4. HP: 23/30 MP: 5/8
  2286 | D:2      | Found an iron altar of Okawaru.
  3141 | D:3      | You fall into a shaft and drop 1 floor!
  3141 | D:4      | Noticed Dowan
  3141 | D:4      | Noticed Duvessa
  3148 | D:4      | Found a staircase to the Ecumenical Temple.
  3149 | D:4      | You fall into a shaft and drop 1 floor!
  3149 | D:5      | Entered Level 5 of the Dungeon
  3418 | D:5      | Found a sparkling altar of Nemelex Xobeh.
  3440 | D:5      | Reached XP level 5. HP: 33/35 MP: 5/10
  3450 | D:5      | Learned a level 4 spell: Summon Ice Beast
  3814 | D:5      | Reached skill level 7 in Summonings
  4085 | D:5      | Reached skill level 1 in Ice Magic
  4330 | Temple   | Entered the Ecumenical Temple
  4599 | D:4      | Killed Duvessa
  4599 | D:4      | Reached XP level 6. HP: 31/41 MP: 7/11
  4610 | D:4      | Killed Dowan
  4710 | D:4      | Found a shattered altar of Ashenzari.
  4714 | D:4      | Became a worshipper of Ashenzari the Shackled
  5013 | D:3      | Found a glowing silver altar of Zin.
  5590 | D:4      | Found a radiant altar of Vehumet.
  5922 | D:4      | Noticed Sigmund
  6102 | D:5      | Found an ornate altar of the Wu Jian Council.
  6294 | D:5      | Noticed a sky beast
  6304 | D:5      | Killed a sky beast
  6304 | D:5      | Reached XP level 7. HP: 46/46 MP: 6/13
  6336 | D:5      | Got the cursed scale mail of Youthful Indiscretion {rCorr}
  7158 | D:5      | Found a blossoming altar of Fedhas.
  7395 | D:5      | Learned a level 4 spell: Summon Lightning Spire
  7496 | D:6      | Noticed a +0 dagger
  7497 | D:6      | Noticed a +0 dagger
  7499 | D:6      | Found a hide-covered altar of Uskayaw.
  7515 | D:6      | Found Citsogig's Serpentskin Sales.
  7523 | D:6      | Bought an uncursed ring of poison resistance for 240 gold
                  | pieces
  7528 | D:6      | Noticed Skimidon's ghost (novice HOMo)
  7529 | D:6      | Found a runed translucent gate.
  7529 | D:6      | Found a runed translucent gate.
  7530 | D:6      | Found a runed translucent gate.
  7563 | D:6      | Reached skill level 5 in Ice Magic
  7720 | D:6      | Reached skill level 8 in Summonings
  8146 | D:6      | Got the quarterstaff "With Two Names" {flame, rF++}
  8147 | D:6      | Identified the +5 quarterstaff "With Two Names" {flame,
                  | rF++} (You found it on level 6 of the Dungeon)
  8189 | D:6      | Reached skill level 1 in Fighting
  8240 | D:6      | Reached skill level 1 in Armour
  8240 | D:6      | Reached XP level 8. HP: 54/54 MP: 11/15
  8386 | D:6      | Reached skill level 5 in Spellcasting
  8549 | D:6      | Found a runed translucent door.
  8550 | D:6      | Noticed Crazy Yiuf
  8681 | D:6      | Identified the cursed +0 scale mail of Youthful
                  | Indiscretion {rCorr} (You found it on level 5 of the
                  | Dungeon)
  8985 | D:7      | Found a stormy altar of Qazlal.
  9368 | D:7      | Reached * piety under Ashenzari
  9522 | D:7      | Reached skill level 9 in Summonings
 10122 | D:7      | Found a snail-covered altar of Cheibriados.
 10659 | D:8      | Reached XP level 9. HP: 57/64 MP: 8/16
 10824 | D:8      | Found a staircase to the Lair.
 10824 | D:8      | Noticed an elephant
 10889 | D:9      | Noticed Prince Ribbit
 11031 | D:8      | Reached skill level 1 in Air Magic
 11674 | D:8      | Killed an elephant
 11855 | D:8      | Reached skill level 10 in Summonings
 11965 | D:9      | Reached ** piety under Ashenzari
 12197 | D:9      | Found Dugao's Gadget Boutique.
 12211 | D:9      | Reached skill level 1 in Staves
 12220 | D:9      | Bought a wand of acid (5) for 216 gold pieces
 12646 | D:9      | Reached skill level 5 in Fighting
 12651 | D:9      | Reached skill level 5 in Armour
 12853 | D:9      | Noticed a tengu warrior
 12867 | D:9      | Reached XP level 10. HP: 68/74 MP: 3/17
 13161 | D:9      | Reached skill level 5 in Air Magic
 13193 | D:9      | Killed Prince Ribbit
 13356 | D:10     | Entered Level 10 of the Dungeon
 14399 | D:10     | Noticed a kobold demonologist
 14885 | D:10     | Noticed an orange demon
 14885 | D:10     | Killed a kobold demonologist
 15290 | D:10     | Found a large runed translucent door.
 15290 | D:10     | Found a large runed translucent door.
 15295 | D:10     | Noticed DevastatorOne's ghost (journeyman HOMo)
 15408 | D:11     | Found a frozen archway.
 15414 | D:11     | Found a portal to a secret trove of treasure.
 15425 | D:11     | Found a blossoming altar of Fedhas.
 15432 | IceCv    | Entered an ice cave
 15581 | IceCv    | Reached skill level 11 in Summonings
 15582 | IceCv    | Reached XP level 11. HP: 57/83 MP: 8/18
 16447 | IceCv    | Noticed an ice dragon
 16447 | IceCv    | Noticed an ice dragon
 16480 | IceCv    | Killed an ice dragon
 16626 | IceCv    | an ice dragon changed into something unseen
 16647 | IceCv    | HP: 2/84 [something (4)]
 16649 | IceCv    | Slain by a ghost moth

Illustrated notes

Levels and vault maps discovered:
D:1:      heliophobic_arrival_battle_scene, layout_basic
D:2:      layout_basic, lemuel_doored_altar, first_ration,
          kennysheep_okawaru_gauntlet
D:3:      minmay_bubble_buster, layout_rooms, zin_scriptorium
D:4:      layout_basic, old_standard_altar, vehumet_crystals,
          kennysheep_mini_moat, temple_pool_b, serial_shops, shop, uniq_duvessa,
          uniq_sigmund
D:5:      black_bear_nest_1, layout_loops_corners, overflow_temple_1_default,
          lemuel_round_altar, lemuel_coloured_pillars_altar
D:6:      layout_loops_corners, dancing_weapons_uskayaw, gammafunk_ghost_split,
          guppyfry_shop_venom, uniq_crazy_yiuf_cottage
D:7:      layout_loops_corners, old_standard_altar, slow_altar_2
D:8:      layout_rooms, david_lair_generic
D:9:      layout_small_grid, serial_shops, shop, grunt_pizzeria,
          grunt_potential, uniq_prince_ribbit1
D:10:     layout_basic, ebering_ghost_disaster_area
D:11:     layout_irregular_city, nicolae_trove_entry_crossroad,
          portal_ice_cave_entry_pillars_2, kennysheep_decorative_pillar,
          fedhas_altar_2
Temple:   minmay_temple_curvy_loop
IceCv:    ice_cave_small_dragons

Skill      XL: |  1  2  3  4  5  6  7  8  9 10 11 |
---------------+----------------------------------+-----
Summonings     | 5 6 7 8 9 10 11 | 11.2
Spellcasting   | 3 4 5 |  5.0
Ice Magic      | 2 4 5 7 |  7.4
Fighting       | 1 3 5 6 7 |  7.1
Armour         | 1 3 5 6 7 |  7.0
Air Magic      | 4 7 |  7.9
Staves         | 2 4 |  4.8
Dodging        | 4 |  4.6
Stealth        | |  1.7

Action                   |  1- 3 |  4- 6 |  7- 9 | 10-12 || total
-------------------------+-------+-------+-------+-------++-------
Melee: Short sword       |    68 |       |       |       ||    68
       Club              |     5 |       |       |       ||     5
       Unarmed           |     5 |       |       |       ||     5
       Spear             |     6 |    56 |       |       ||    62
       Trident           |       |   169 |    42 |       ||   211
       Quarterstaff      |       |       |   155 |   161 ||   316
 Cast: Summon Small Mamm |     4 |       |       |       ||     4
       Call Imp          |     5 |    11 |     1 |       ||    17
       Call Canine Famil |     3 |    21 |    10 |     1 ||    35
       Summon Ice Beast  |       |     3 |    48 |    43 ||    94
       Summon Lightning  |       |       |    10 |    29 ||    39
Invok: Curse Item        |       |       |     2 |       ||     2
 Abil: Hop               |       |       |     2 |     4 ||     6
Evoke: Wand              |       |       |       |     6 ||     6
  Use: Scroll            |       |     6 |    11 |    10 ||    27
       Potion            |       |     1 |       |     3 ||     4
 Stab: Sleeping          |       |     9 |    10 |       ||    19
       Distracted        |       |     1 |     3 |     1 ||     5
  Eat: Chunk             |     5 |    14 |    23 |    10 ||    52
       Ration            |       |     1 |     3 |     4 ||     8
Armor: Robe              |    32 |    86 |    11 |       ||   129
       Leather armour    |       |       |    71 |    68 ||   139
Dodge: Dodged            |    76 |   190 |   151 |   100 ||   517
